 Dungeon Crawl Stone Soup version 0.28-a0-1235-g7c8fac35f0 (webtiles) character file.

Game seed: 12567712795420522006

1557 MacCMillion the Slicer (level 8, -8/64 HPs)
             Began as a Palentonga Fighter on Dec 25, 2021.
             Was an Initiate of Yredelemnul.
             Mangled by an ice beast (12 damage)
             ... on level 6 of the Dungeon.
             The game lasted 00:27:24 (5999 turns).

MacCMillion the Slicer (Palentonga Fighter)         Turns: 5999, Time: 00:27:25

Health: -8/64      AC: 16    Str: 22    XL:     8   Next: 58%
Magic:  9/9        EV:  7    Int:  9    God:    Yredelemnul [......]
Gold:   253        SH:  4    Dex:  9    Spells: 7/7 levels left

rFire   . . .      SeeInvis +   a - +2 short sword (elec)
rCold   . . .      Faith    .   x - +0 buckler
rNeg    . . .      Spirit   .   i - +0 scale mail
rPois   .          Reflect  .   (no helmet)
rElec   .          Harm     .   f - +0 cloak
rCorr   .          Rampage  .   w - +0 pair of gloves
Will    .....                   (no barding)
Stlth   ..........              (no amulet)
HPRegen 0.20/turn               (no ring)
MPRegen 0.11/turn               (no ring)

@: curled up
A: large, rugged brown scales 3, see invisible, deformed body, roll 1, armoured
tail, reflexive curl
a: Rolling Charge, Renounce Religion, Recall Undead Harvest


You were on level 6 of the Dungeon.
You worshipped Yredelemnul.
Yredelemnul was noncommittal.
You visited 1 branch of the dungeon, and saw 6 of its levels.
You also visited: Sewer.

You collected 253 gold pieces.

Inventory:

Hand Weapons
 a - a +2 short sword of electrocution (weapon)
 b - a +0 long sword
 c - a +2 dagger of venom
 F - a +0 dagger of flaming
Missiles
 J - 4 datura-tipped darts
 K - 2 curare-tipped darts
Armour
 f - a +0 cloak (worn)
 i - a +0 scale mail (worn)
 w - a +0 pair of gloves (worn)
 x - a +0 buckler (worn)
 z - a +1 robe of cold resistance
Jewellery
 v - a ring of ice
 G - a ring of magical power
Wands
 A - a wand of charming (10)
 B - a wand of iceblast (2)
 E - a wand of flame (15)
Scrolls
 h - 3 scrolls of amnesia
 k - a scroll of vulnerability {unknown}
 l - 2 scrolls of summoning {unknown}
 o - a scroll of noise {unknown}
 p - a scroll of silence {unknown}
 s - a scroll of fear {unknown}
 y - 2 scrolls of blinking {unknown}
 C - 2 scrolls of teleportation {unknown}
 D - 2 scrolls of enchant armour {unknown}
 H - a scroll of identify
 L - a scroll of enchant weapon {unknown}
Potions
 d - a potion of might
 e - 5 potions of lignification
 g - 2 potions of ambrosia
 j - 7 potions of curing
 m - a potion of brilliance {unknown}
 n - 2 potions of mutation
 q - 2 potions of invisibility {unknown}
 r - 2 potions of degeneration {unknown}
 t - 2 potions of flight {unknown}
 u - a potion of haste
 I - a potion of heal wounds {unknown}


   Skills:
 + Level 4.0 Fighting
 * Level 8.7(9.0) Short Blades
 - Level 3.0(6.3) Long Blades
 + Level 3.3 Armour
 - Level 4.0 Shields
 + Level 1.8 Invocations


You had 7 spell levels left.
You didn't know any spells.
Your spell library was empty.

Dungeon Overview and Level Annotations

Branches:
Dungeon (6/15)             Temple (0/1) D:4           Sewer (visited)

Altars:
Hepliaklqana
Okawaru
Yredelemnul
Zin
The Shining One


Innate Abilities, Weirdness & Mutations

You are completely covered in rugged brown scales. (AC +3, +7% HP)
You have supernaturally acute eyesight. (SInv)
Armour fits poorly on your strangely shaped body.
You can roll at nearby foes to attack.
You have a long armoured tail.
You curl defensively after being hit. (AC +7*)


Message History

Aim: an ogre, wielding a +0 giant spiked club You roll forward with a clatter of scales!
You hit the ogre.
The ogre is lightly wounded.
You hear an angry hiss.
The ogre hits you with a +0 giant spiked club!!
You hit the ogre.
The ogre is moderately wounded.
You hit the ogre.
The ogre is moderately wounded.
An ice beast comes into view.
The ogre hits you with a +0 giant spiked club!!
* * * LOW HITPOINT WARNING * * *
Unknown command.
You hit the ogre.
The ogre is heavily wounded.
Are you sure you want to abandon this character and quit the game? (Confirm with "yes".)
Okay, then.
You hit the ogre. Lightning courses through the ogre!
You kill the ogre!
Your Fighting skill increases to level 4!
You see here a +0 giant spiked club.
An iguana comes into view.
The iguana hisses angrily.
You see here a book of Blood.
Okay, then.
Okay, then.
Okay, then.
An iguana comes into view.
The iguana bites you.
* * * LOW HITPOINT WARNING * * *
The ice beast hits you.
* * * LOW HITPOINT WARNING * * *
The ice beast freezes you!
* * * LOW HITPOINT WARNING * * *
The ice beast hits you.
* * * LOW HITPOINT WARNING * * *
The ice beast freezes you!
You die...
Your body rises from the dead as a mindless zombie.

########
##......##
##........##
#..........#
#........!.#
#..........#
#......@...#
#....lYl...#
##........###.
##...........
#..........##
#....<.....##.
#.............
#..........#.
#..........#


You could see an ice beast and 2 iguanas.

Vanquished Creatures
  A hornet (D:5)
  2 sky beasts
  A black bear (D:4)
  An ogre (D:6)
  A necrophage (D:3)
  A gnoll sergeant (D:5)
  2 scorpions (D:5)
  A water moccasin zombie (D:5)
  A water moccasin skeleton (D:5)
  2 howler monkeys (D:5)
  2 hounds (D:5)
  A bullfrog skeleton (D:5)
  Jessica (D:2)
  An iguana (D:4)
  A hell rat (Sewer)
  An orc wizard (D:5)
  7 adders
  3 gnolls (D:4)
  A howler monkey skeleton (D:4)
  3 river rats (Sewer)
  5 dart slugs
  7 orcs
  6 endoplasms
  3 giant cockroaches
  4 goblins
  13 hobgoblins
  2 quokkas (D:1)
  14 ball pythons
  5 bats
  A frilled lizard (D:3)
  10 kobolds
  7 rats
111 creatures vanquished.

Vanquished Creatures (collateral kills)
  A hound zombie (D:5)
  4 adders
  6 gnolls
  An adder zombie (D:5)
  An orc (D:3)
  A bat (D:2)
  A giant cockroach (D:3)
  2 hobgoblins
  A quokka (D:3)
  2 frilled lizards
  2 goblins (D:5)
  2 rats
24 creatures vanquished.

Vanquished Creatures (others)
  A scorpion zombie (D:5)
  A howler monkey zombie (D:5)
  2 adder zombies
  An orc zombie (D:5)
  A bat zombie (D:3)
  A river rat zombie (Sewer)
  2 ball python zombies (D:3)
  A giant cockroach zombie (D:4)
  4 gnoll zombies
  A goblin zombie (D:3)
  A hobgoblin zombie (D:3)
  A rat zombie (D:3)
17 creatures vanquished.

Grand Total: 152 creatures vanquished

Notes
Turn   | Place    | Note
-------+----------+-------------------------------------------
     0 | D:1      | MacCMillion the Palentonga Fighter began the quest for the
                  | Orb.
     0 | D:1      | Reached XP level 1. HP: 19/19 MP: 1/1
   116 | D:1      | Reached XP level 2. HP: 25/25 MP: 2/2
   581 | D:1      | Reached XP level 3. HP: 31/31 MP: 3/3
   665 | D:1      | Noticed a great orb of eyes
   666 | D:1      | Found a faded altar of an unknown god.
   675 | D:1      | Noticed a great orb of eyes
   675 | D:1      | Noticed a shining eye
   675 | D:1      | Noticed a shining eye
   683 | D:1      | Prayed at the altar of an unknown god.
   683 | D:1      | Became a worshipper of Yredelemnul the Dark
   683 | D:1      | Reached * piety under Yredelemnul
   997 | D:2      | Noticed Jessica
  1004 | D:2      | Killed Jessica
  1005 | D:2      | Reached skill level 1 in Short Blades
  1013 | D:2      | Reached XP level 4. HP: 31/37 MP: 4/4
  1019 | D:2      | Reached skill level 2 in Short Blades
  1573 | D:2      | Reached ** piety under Yredelemnul
  2069 | D:2      | Reached *** piety under Yredelemnul
  2273 | D:2      | Reached XP level 5. HP: 43/43 MP: 5/5
  2349 | D:3      | Reached skill level 3 in Short Blades
  2546 | D:3      | Found a glowing drain.
  2570 | Sewer    | Entered a sewer
  3156 | D:3      | Found a glowing golden altar of the Shining One.
  3522 | D:3      | Noticed a sky beast
  3548 | D:3      | Killed a sky beast
  3549 | D:3      | Reached skill level 4 in Short Blades
  3549 | D:3      | Reached XP level 6. HP: 40/50 MP: 6/6
  3855 | D:3      | Reached skill level 5 in Short Blades
  3950 | D:4      | Noticed a sky beast
  3982 | D:4      | Killed a sky beast
  3983 | D:4      | Reached skill level 6 in Short Blades
  3983 | D:4      | Gained mutation: You curl defensively after being hit. (AC
                  | +7*) [Palentonga growth]
  3983 | D:4      | Reached XP level 7. HP: 44/55 MP: 7/7
  4083 | D:4      | Found a staircase to the Ecumenical Temple.
  4854 | D:5      | Entered Level 5 of the Dungeon
  4979 | D:5      | Noticed a hornet
  4994 | D:5      | Killed a hornet
  4995 | D:5      | Reached skill level 7 in Short Blades
  5303 | D:5      | Reached XP level 8. HP: 54/62 MP: 8/8
  5311 | D:5      | Reached skill level 8 in Short Blades
  5373 | D:5      | Found a glowing silver altar of Zin.
  5531 | D:5      | Reached skill level 1 in Invocations
  5890 | D:5      | Found an iron altar of Okawaru.
  5937 | D:5      | Found a hazy altar of Hepliaklqana.
  5999 | D:6      | Mangled by an ice beast

Illustrated notes

Levels and vault maps discovered:
D:1:      minmay_arrival_four_loops, layout_basic,
          hellmonk_ecumenical_altar_watching_god
D:2:      kennysheep_six_static_rooms, layout_basic, grunt_ministairs_11,
          uniq_jessica
D:3:      layout_basic, mainiacjoe_overflow_cross_hatched,
          cheibrodos_sewer_entry_drain, grunt_ministairs_1,
          minmay_misc_feat_hallway, minmay_fractal_squares_5
D:4:      layout_loops_ring, minmay_temple_entry_antechambers,
          chequers_serial_rivers_micro_c
D:5:      layout_basic, kennysheep_little_box, nicolae_hepliaklqana_hippocampus,
          kennysheep_okawaru_gauntlet
D:6:      layout_rooms, kennysheep_generic_room_16

Skill      XL: |  1  2  3  4  5  6  7  8 |
---------------+-------------------------+-----
Long Blades    | 3 |  3.0
Short Blades   | 1 2 4 6 7 8 |  8.7
Shields        | 3 4 |  4.0
Armour         | 3 |  3.3
Invocations    | 1 |  1.8
Fighting       | 4 |  4.0

Action                   |  1- 3 |  4- 6 |  7- 9 || total
-------------------------+-------+-------+-------++-------
Melee: Long sword        |    59 |       |       ||    59
       Tailslap          |     7 |     9 |    11 ||    27
       Short sword       |    26 |   129 |    36 ||   191
       Dagger            |       |     3 |    76 ||    79
Throw: Throwing net      |       |       |     1 ||     1
 Abil: Rolling Charge    |     1 |     5 |    13 ||    19
  Use: Scroll            |       |     5 |       ||     5
Armor: Scale mail        |    45 |    49 |    41 ||   135
Dodge: Dodged            |    27 |    49 |    27 ||   103
Block: Buckler           |    14 |    19 |    17 ||    50

Table legend: (Time is in decaauts)
 A = Elapsed time spent in this place.
 B = Non-inter-level travel time spent in this place.
 C = Inter-level travel time spent in this place.
 D = Time resting spent in this place.
 E = Time spent auto-exploring this place.
 F = Levels seen in this place.
 G = Mean time per level.
                   A        B        C        D        E       F      G
               +--------+--------+--------+--------+--------+-----+--------+
         Total |   5969 |   5782 |    187 |   1258 |   3080 |   7 |  852.7 |
       Dungeon |   5535 |   5348 |    187 |    925 |   3039 |   6 |  922.5 |
         Sewer |    434 |    434 |      0 |    333 |     41 |   1 |  434.0 |
               +--------+--------+--------+--------+--------+-----+--------+

Top non-repeatable levels by time:
     D:2: 1430 daAuts
     D:3: 1111 daAuts
     D:5: 1077 daAuts
     D:4: 971 daAuts
     D:1: 926 daAuts
   Sewer: 434 daAuts
     D:6: 18 daAuts
